Unix NetHack Version 3.7.0-66 Work-in-progress - last build Dec 5 2022 03:26:57 (dbea811729ade750c4c0c7f8ab6145c62533a6e7,branch:master). Game began 2022-12-09 23:55:51, ended 2022-12-11 15:44:59. Buffalo, chaotic female orcish Ranger --- |<..-- ------- --------------- |.....---|. |....?| |.............| -..|....|.- |.._..| -.---|--.---- - |-.)...---- |.....| ------ ---- |..| ..|-.| | |)........|--- ----- ---.-.- |..-.------ |..---|..---.-(.--- .| ----.|....|..----...-- |.| * |..|......---|-.....-|--........--|- -----..|....|.....---- |.| |..|.----........--................| ------ |..|.............---.-- --|....--)......-|..--------|--..-- |%...| --......---...........----. |.|.. |...{....|--|....@[...|..-- |.%..| |...... ...|...........-.-|.| --.......| |......)@*|...| ---|-- ----....-------...---.......|.|------....--| -----------...| --.---...--. |..|..|-...|..---.....--..|...|....|------ |.......-- --.........-----|..|..|--.....|-....|........---...-|(...| |.------- ................-|---|-----..-|................|-.(.-.(..| |.|...-. --.....{....----.).............|...G.......|....|...-|...(| |.|...| .....)......-- --|--.---------.........--..|........|------ |.--|------- ----.........| ...|.|.(((| --.......-----|...|....|--------.....|....| --..------- ...|.-.(((| ---...--- --..|...--......|...{..-..-|| ---- --|.(((| ----- -----.....----........|..|(| ------ ------- --------------- Buffalo the Lookout St:15 Dx:12 Co:17 In:13 Wi:13 Ch:7 Chaotic S:2372 Dlvl:5 $:10 HP:43(43) Pw:22(22) AC:-8 Xp:5/301 T:4627 Satiated Burdened Latest messages: Call a wand called sleep/death short: sleep Really save? [yn] (n) y Saving... Restoring save file... Hello Buffalo, the orcish Ranger, welcome back to NetHack! You are lucky! Full moon tonight. Your movements are slowed slightly because of your load. Pick an object. Can't find dungeon feature '/'. Unknown direction: 'i' (use 'h', 'j', 'k', 'l' or '.'). Really save? [yn] (n) y Saving... Restoring save file... Hello Buffalo, the orcish Ranger, welcome back to NetHack! You are lucky! Full moon tonight. Your movements are slowed slightly because of your load. You see no objects here. Really save? [yn] (n) y Saving... Restoring save file... Hello Buffalo, the orcish Ranger, welcome back to NetHack! Your movements are slowed slightly because of your load. Really quit? [yn] (n) y Holmavik gratefully inherits all your possessions. Do you want to see what you had when you quit? [ynq] (y) q Inventory: Coins $ - 10 gold pieces Weapons O - 7 blessed +0 arrows M - 9 +0 arrows (in quiver) d - 14 blessed +0 orcish arrows c - 50 +2 orcish arrows b - a +1 orcish bow (weapon in hand) n - 9 +1 darts named +1 a - a +1 orcish dagger (alternate weapon; not wielded) Armor X - an uncursed +0 helmet (being worn) U - an uncursed +0 pair of leather gloves (being worn) v - a blessed +1 pair of low boots (being worn) Y - an uncursed +0 small shield (being worn) e - an uncursed +2 cloak of displacement (being worn) H - an uncursed +1 splint mail (being worn) Comestibles f - 2 uncursed tripe rations K - 2 cursed tripe rations Rings y - a cursed -1 ring of increase damage named bones l - an uncursed ring of sustain ability named !c z - a cursed ring of warning named bones Wands r - a wand of cold named -1 (0:3) B - a wand of magic missile named -4? (0:3) T - a blessed wand of sleep named -1 (0:4) W - a wand of striking named -1 (0:5) Tools h - an uncursed bag of holding containing 23 items A - an uncursed magic lamp (lit) k - an uncursed skeleton key P - an uncursed towel Gems/Stones Z - 2 uncursed aquamarine stones Contents of the bag of holding: 888 gold pieces an uncursed +0 pair of elven boots named !c a cursed scroll of amnesia an uncursed scroll of enchant weapon a cursed scroll of enchant weapon an uncursed scroll of gold detection an uncursed scroll of identify a cursed scroll of destroy armor an uncursed scroll of charging an uncursed scroll of blank paper a blessed scroll of confuse monster an uncursed potion of water a potion of unholy water an uncursed potion of paralysis an uncursed potion of extra healing an uncursed potion of blindness a cursed potion of restore ability an uncursed potion of object detection 3 uncursed potions of healing a wand of light named -1 (0:13) a wand of probing named -2 (0:3) a cursed wand of striking named bones (0:5) a cursed wooden flute Buffalo the Ranger's attributes: Background: You were a Lookout, a level 5 female orcish Ranger. You were chaotic, on a mission for Mars who was opposed by Mercury (lawful) and Venus (neutral). You were in the Gnomish Mines, on level 5. You entered the dungeon 4627 turns ago. You had 301 experience points, 19 more were needed to attain level 6. Your score was 2372 before end-of-game adjustments. Basics: You had all 43 hit points. You had all 22 energy points (spell power). Your armor class was -8. Your wallet contained 10 zorkmids, and you had 888 more stashed away in your pack. Autopickup was on, but temporarily disabled while inside the shop. Final Characteristics: Your strength was 15 (limit:18/50). Your dexterity was 12 (limit:18). Your constitution was 17 (limit:18). Your intelligence was 13 (limit:16). Your wisdom was 13 (limit:16). Your charisma was 7 (limit:16). Final Status: You were satiated. You were burdened; movement was slightly slowed. You were wielding a bow. You were skilled in bow. Final Attributes: You were piously aligned. You were poison resistant. You had automatic searching. You had infravision. You were displaced. You had a small defense bonus (+3). You were warded. You survived. Miscellaneous: You encountered 1 bones level. Total elapsed playing time was 46 minutes and 25 seconds. Major events: Turn 1: Buffalo the chaotic female orcish Ranger entered the dungeon 1383: entered the Gnomish Mines 2134: attained the rank of Lookout (level 3) 3747: reached Mine Town 4627: quit Vanquished creatures: a ghost 4 watchmen a dog a blue jelly a mountain nymph a rock mole a yellow light a shrieker a violet fungus 2 gnome leaders a giant ant a kitten 5 dwarves a homunculus 2 kobold leaders 2 werejackals 2 iguanas 2 acid blobs a coyote a hobbit a large kobold 2 cave spiders a brown mold a green mold 17 gnomes a gnome zombie 4 geckos 3 jackals 2 kobolds 3 goblins a sewer rat 8 grid bugs a bat a lichen a kobold zombie 7 newts 86 creatures vanquished. No species were genocided or became extinct. Voluntary challenges: You read items or engraved 6 times. You never engraved Elbereth. You never genocided any monsters. You never polymorphed an object. You never changed form. You used no wishes. Achievements: You entered a shop. You entered the Gnomish Mines. You attained the rank of Lookout. You entered Minetown. You entered a temple. The Dungeons of Doom: levels 1 to 6 Level 1: Many fountains. Level 2: An armor shop, some fountains. Stairs down to The Gnomish Mines. Level 3: Level 4: "vault" A bookstore. Level 5: Many fountains. Level 6: "werejackal" The Gnomish Mines: levels 3 to 5 Level 3: Level 4: Level 5: <- You were here. Many shops, a temple, many fountains, a grave. Final resting place for peterg-Mon-Hum-Mal-Neu, killed by a black unicorn. Goodbye Buffalo the Ranger... You quit in The Gnomish Mines on dungeon level 5 with 2372 points, and 898 pieces of gold, after 4627 moves. You were level 5 with a maximum of 43 hit points when you quit.